 Dungeon Crawl Stone Soup version 0.31-a0-1005-gfbdfbacc72 (webtiles) character file.

Game seed: 2126274414760555689

163 Armakuni the Slasher (level 5, 0/41 HPs)
             Began as a Human Monk on Nov 11, 2023.
             Slain by an ogre
             ... wielding a +0 giant club
              (28 damage)
             ... on level 3 of the Dungeon.
             The game lasted 00:05:18 (2348 turns).

Armakuni the Slasher (Human Monk)                   Turns: 2348, Time: 00:05:19

Health: 0/41       AC:  4    Str: 11    XL:     5   Next: 72%
Magic:  5/5        EV: 12    Int: 19    God:
Gold:   146        SH:  6    Dex: 15    Spells: 4/4 levels left

rFire   + . .        a - +0 falchion
rCold   . . .        f - +1 buckler
rNeg    . . .        n - +1 robe {Will+}
rPois   .            (no helmet)
rElec   .            l - +0 cloak
rCorr   .            (no gloves)
SInv    .            (no boots)
Will    +....        (no amulet)
Stlth   +            F - ring of protection from fire
HPRegen 0.26/turn    I - +6 ring of intelligence
MPRegen 0.09/turn

%: no passive effects
@: about to teleport
A: no striking features
a: no special abilities


You were on level 3 of the Dungeon.
You visited 1 branch of the dungeon, and saw 3 of its levels.

You collected 146 gold pieces.

Inventory:

Hand Weapons
 a - a +0 falchion (weapon)
Armour
 d - an orb of light
 f - a +1 buckler (worn)
 k - a +0 ring mail
 l - a +0 cloak (worn)
 n - a +1 robe of willpower (worn)
Jewellery
 F - a ring of protection from fire (left hand)
 I - a +6 ring of intelligence (right hand)
Scrolls
 b - 3 scrolls of teleportation
Potions
 c - a potion of ambrosia
 h - a potion of enlightenment {unknown}
 i - a potion of attraction {unknown}
 j - a potion of brilliance {unknown}
 m - a potion of mutation {unknown}


   Skills:
 - Level 3.0 Fighting
 + Level 4.9 Long Blades
 - Level 3.0 Dodging
 + Level 3.0 Shields


You had 4 spell levels left.
You didn't know any spells.
Your spell library contained the following spells:

 Spells                   Type           Power      Damage    Failure   Level
 Summon Small Mammal      Summ           0%         N/A       28%         1
 Call Canine Familiar     Summ           0%         N/A       65%         3
 Summon Guardian Golem    Hex/Summ       0%         N/A       65%         3


Dungeon Overview and Level Annotations

Branches:
Dungeon (3/15)

Altars:
Ashenzari
Kikubaaqudgha

Annotations:
D:3 Natasha


Message History

a ball python corpse; the felid corpse of Natasha You feel yourself speed up.
Things that are here:
a ball python corpse; the felid corpse of Natasha You see here an adder corpse.
You recover from your berserk rage.
You now have 146 gold pieces (gained 8).
You open the door.
There is an open door here.
You open the door.
There is an open door here.
You open the door.
There is an open door here.
Found a robe.
You see here a +0 robe.
A bat comes into view.
The bat barely misses you.
You completely miss the bat. You block the bat's attack.
The bat hits you but does no damage.
You closely miss the bat. The bat barely misses you.
You completely miss the bat. The bat hits you but does no damage.
You block the bat's attack.
You hit the bat.
You kill the bat!
No target in view!
There is an open door here.
You see here a +0 ring mail.
Natasha, Servant of Life and Death comes into view.
Natasha moves out of view.
An ogre comes into view. It is wielding a +0 giant club.
You aren't carrying any items that you can evoke.
The ogre shouts!
The ogre hits you with a +0 giant club!
Okay, then.
Okay, then.
As you read the scroll of teleportation, it crumbles to dust.
You feel strangely unstable.
The ogre hits you with a +0 giant club!!
Ouch! That really hurt!
You die...

############# #...........#
######## #..########.# .......#
#..@##...,#.#
.......#######.⌠O...~_.#.########
######.............~...#..##.[...
.....#.######....~.~...#.........
####.#...))....~≈≈~~..##.###.....
.....#.######..~≈≈≈≈..##.###.....
######..>......~≈~~~~..#.........
.....#...........~...⌠...........
####.#....###..........##.##.....


You could see an ogre.

Vanquished Creatures
  Natasha (D:3)
  2 orc wizards (D:3)
  3 adders
  3 worms
  A dart slug (D:3)
  6 orcs (D:3)
  7 endoplasms
  2 giant cockroaches
  4 goblins
  3 hobgoblins
  2 jackals (D:3)
  6 kobolds
  2 quokkas (D:2)
  6 ball pythons
  6 bats
  3 frilled lizards
  9 rats
66 creatures vanquished.

Notes
Turn   | Place    | Note
-------+----------+-------------------------------------------
     0 | D:1      | Armakuni the Human Monk began the quest for the Orb.
     0 | D:1      | Reached XP level 1. HP: 18/18 MP: 1/1
    42 | D:1      | Reached XP level 2. HP: 24/24 MP: 2/2
   621 | D:2      | Reached skill level 1 in Shields
   621 | D:2      | Reached XP level 3. HP: 26/29 MP: 3/3
   630 | D:2      | Reached skill level 4 in Long Blades
   845 | D:2      | Reached XP level 4. HP: 32/35 MP: 4/4
  1480 | D:3      | Noticed Natasha
  1567 | D:3      | Found a faded altar of an unknown god.
  1637 | D:3      | Found an ancient bone altar of Kikubaaqudgha.
  1690 | D:3      | Reached XP level 5. HP: 27/41 MP: 5/5
  1802 | D:3      | Found a broken altar of Ashenzari.
  1972 | D:3      | Killed Natasha
  2316 | D:3      | Noticed Natasha
  2330 | D:3      | Noticed an ogre
  2348 | D:3      | Slain by an ogre

Illustrated notes

Levels and vault maps discovered:
D:1:      mushboom_english_gardens, layout_loops_cross, hex_tiny
D:2:      kennysheep_big_flooded_room, layout_loops_ring
D:3:      minmay_general_purpose_star, layout_basic, amcnicky_altar_gilded,
          kiku_gazebo_pond_becter, cheibrodos_ashenzari_chains,
          nicolae_overflow_hidden_temple, basic_ecumenical_altar,
          grunt_ministairs_10, minivault_27, grunt_decor_resistance,
          nicolae_figureground_sparkle, uniq_natasha

Skill      XL: |  1  2  3  4  5 |
---------------+----------------+-----
Shields        | 1 2 3 |  3.0
Long Blades    | 4 |  4.9
Fighting       | |  3.0
Dodging        | |  3.0

Action                     |  1- 3 |  4- 6 || total
---------------------------+-------+-------++-------
  Melee: Falchion          |    69 |   163 ||   232
    Use: Scroll            |     1 |     4 ||     5
         Potion            |       |     2 ||     2
   Stab: Sleeping          |     2 |       ||     2
 Armour: Robe              |    15 |    31 ||    46
         Ring mail         |    17 |    85 ||   102
  Dodge: Dodged            |    41 |    88 ||   129
  Block: Buckler           |     6 |    43 ||    49

Table legend: (Time is in decaauts)
 A = Elapsed time spent in this place.
 B = Non-inter-level travel time spent in this place.
 C = Inter-level travel time spent in this place.
 D = Time resting spent in this place.
 E = Time spent auto-exploring this place.
 F = Levels seen in this place.
 G = Mean time per level.
                   A        B        C        D        E       F      G
               +--------+--------+--------+--------+--------+-----+--------+
         Total |   2383 |   2343 |     40 |    159 |   1411 |   3 |  794.3 |
       Dungeon |   2383 |   2343 |     40 |    159 |   1411 |   3 |  794.3 |
               +--------+--------+--------+--------+--------+-----+--------+

Top non-repeatable levels by time:
     D:3: 950 daAuts
     D:2: 815 daAuts
     D:1: 617 daAuts
